 Dungeon Crawl Stone Soup version 0.25.1-11-g244df3a29b (webtiles) character file.

Game seed: 10331403403128119300

302 kate the Skirmisher (level 6, 0/48 HPs)
             Began as a Demonspawn Fighter on Apr 2, 2024.
             Slain by a hippogriff (1 damage)
             ... on level 4 of the Dungeon.
             The game lasted 00:03:15 (3655 turns).

kate the Skirmisher (Demonspawn Fighter)            Turns: 3655, Time: 00:03:15

Health: 0/48       AC:  6    Str: 19    XL:     6   Next: 14%
Magic:  6/6        EV:  7    Int:  9    God:
Gold:   141        SH: 13    Dex: 12    Spells: 5/5 levels left

rFire    . . .     SeeInvis .   a - +0 trident
rCold    . . .     Gourm    .   c - +0 kite shield
rNeg     . . .     Faith    .   b - +0 scale mail
rPois    .         Spirit   .   (no helmet)
rElec    .         Reflect  .   (no cloak)
rCorr    .         Harm     .   (no gloves)
MR       .....                  (no boots)
Stlth    ..........             (no amulet)
HPRegen  0.16/turn              (no ring)
MPRegen  0.10/turn              (no ring)

@: no status effects
A: large bone plates 1
a: no special abilities


You were on level 4 of the Dungeon.
You were hungry.

You visited 1 branch of the dungeon, and saw 4 of its levels.

You collected 141 gold pieces.

Inventory:

Hand Weapons
 a - a +0 trident (weapon)
Armour
 b - a +0 scale mail (worn)
 c - a +0 kite shield (worn)
Jewellery
 q - a +6 ring of strength {unknown}
 w - an uncursed amulet of regeneration {unknown}
 y - a cursed -4 ring of protection {unknown}
 D - a +4 ring of evasion {unknown}
Wands
 u - a wand of random effects (22)
Scrolls
 g - 3 scrolls of immolation {unknown}
 h - a scroll of random uselessness {unknown}
 j - 2 scrolls of remove curse {unknown}
 k - a scroll of blinking {unknown}
 l - a scroll of enchant armour {unknown}
 s - 3 scrolls of identify {unknown}
 x - a scroll of teleportation {unknown}
 A - a scroll of enchant weapon {unknown}
 B - a scroll of fog {unknown}
Potions
 d - a potion of might
 e - a potion of magic {unknown}
 i - a potion of cancellation {unknown}
 m - a potion of degeneration {unknown}
 n - a potion of flight {unknown}
 o - a potion of brilliance {unknown}
 p - a potion of curing {unknown}
 r - 2 potions of experience {unknown}
 t - a potion of ambrosia {unknown}
 v - a potion of mutation {unknown}
 z - a potion of heal wounds {unknown}
Comestibles
 f - 9 rations
 C - 2 chunks of flesh


   Skills:
 + Level 3.9 Fighting
 + Level 3.8 Polearms
 + Level 3.4 Armour
 + Level 0.7 Dodging
 + Level 0.2 Stealth
 + Level 3.9 Shields


You had 5 spell levels left.
You didn't know any spells.
Your spell library was empty.

Dungeon Overview and Level Annotations

Branches:
Dungeon (4/15)
 Temple: D:4-7

Altars:
The Shining One


Innate Abilities, Weirdness & Mutations

You are partially covered in large bone plates. (SH +4)


Message History

The hippogriff claws you but does no damage.
You puncture the hippogriff!
The hippogriff is severely wounded.
The hippogriff bites you.
* * * LOW HITPOINT WARNING * * *
You block the hippogriff's attack. The hippogriff closely misses you.
You puncture the hippogriff!
The hippogriff is severely wounded.
The hippogriff completely misses you. The hippogriff barely misses you.
The hippogriff claws you.
* * * LOW HITPOINT WARNING * * *
You hit the hippogriff.
The hippogriff is severely wounded.
You block the hippogriff's attack. x3
You barely miss the hippogriff.
The hippogriff is severely wounded.
You block the hippogriff's attack. x2; The hippogriff claws you.
* * * LOW HITPOINT WARNING * * *
The hippogriff bites you.
You die...

#.............##
...............#
...............#
...............#
...÷...........# ###
...............# ....
#.............## .....
.............#####......
.######.........@H...$..
.# #.##########...... .#
#÷# ..... .######.# ....
........# # ###
........##### ###.#
........)[..###...
........###...#.#####
##.####.####........#


You could see a hippogriff.

Vanquished Creatures
  A hound (D:4)
  2 bullfrog skeletons
  Ijyb (D:4)
  An iguana (D:4)
  A worker ant (D:4)
  3 gnolls (D:3)
  2 adders
  2 oozes
  An adder skeleton (D:4)
  A worm (D:2)
  3 dart slugs
  6 leopard geckos
  2 giant cockroaches
  15 goblins
  9 hobgoblins
  7 kobolds
  A quokka (D:4)
  6 bats
  6 frilled lizards
  2 rats
72 creatures vanquished.

Notes
Turn   | Place    | Note
-------+----------+-------------------------------------------
     0 | D:1      | kate the Demonspawn Fighter began the quest for the Orb.
     0 | D:1      | Reached XP level 1. HP: 18/18 MP: 1/1
    91 | D:1      | Gained mutation: You are partially covered in large bone
                  | plates. (SH +4) [demonic ancestry]
    91 | D:1      | Reached XP level 2. HP: 23/24 MP: 2/2
   382 | D:1      | Reached XP level 3. HP: 15/29 MP: 3/3
  1191 | D:2      | Reached XP level 4. HP: 13/37 MP: 4/4
  2088 | D:3      | Found a glowing golden altar of the Shining One.
  2486 | D:3      | Reached XP level 5. HP: 11/42 MP: 5/5
  3166 | D:4      | Noticed Ijyb
  3189 | D:4      | Killed Ijyb
  3264 | D:4      | Reached XP level 6. HP: 14/48 MP: 6/6
  3634 | D:4      | Noticed a hippogriff
  3655 | D:4      | HP: 1/48 [hippogriff (3)]
  3655 | D:4      | Slain by a hippogriff

Illustrated notes

Levels and vault maps discovered:
D:1:      eino_arrival_tree_alley, layout_basic
D:2:      layout_basic
D:3:      layout_basic, tso_metal_star, first_ration
D:4:      layout_rooms, grunt_temple_overflow_cloverleaf, minitemple, uniq_ijyb

Skill      XL: |  1  2  3  4 |
---------------+-------------+-----
Shields        | 3 |  3.9
Polearms       | 2 3 |  3.8
Armour         | 3 |  3.4
Fighting       | |  3.9
Dodging        | |  0.7
Stealth        | |  0.2

Action                   |  1- 3 |  4- 6 || total
-------------------------+-------+-------++-------
Melee: Trident           |   160 |   246 ||   406
  Eat: Chunk             |     1 |     8 ||     9
Armor: Scale mail        |    42 |    94 ||   136
Dodge: Dodged            |    39 |    65 ||   104
Block: Kite shield       |    93 |   197 ||   290
